 Dungeon Crawl Stone Soup version 0.20.0-15-g7f486f2 (webtiles) character file.

59 o0Belial0o the Ruffian (level 4, -3/38 HPs)
             Began as a Ghoul Monk on June 26, 2017.
             Slain by a scorpion (8 damage)
             ... on level 3 of the Dungeon.
             The game lasted 00:18:43 (1574 turns).

o0Belial0o the Ruffian (Ghoul Monk)                 Turns: 1574, Time: 00:18:44

Health: -3/38      AC:  3    Str: 15    XL:     4   Next: 3%
Magic:  3/3        EV: 13    Int:  5    God:
Gold:   148        SH:  0    Dex: 11    Spells: 3/3 levels left

rFire    . . .     SeeInvis .     - Unarmed
rCold    + . .     Gourm    .   (no shield)
rNeg     + + +     Faith    .   e - +1 robe
rPois    ∞         Spirit   .   (no helmet)
rElec    .         Reflect  .   (no cloak)
rCorr    .         Harm     .   (no gloves)
MR       .....                  (no boots)
Stlth    ++........             (no amulet)
Regen    0.0/turn               (no ring)
MPRegen  0.1/turn               (no ring)

@: rotting
A: rotting body, claws 1, carnivore 3, cold resistance 1, negative energy
resistance 3, inhibited regeneration, torment resistance, unbreathing
a: no special abilities


You were on level 3 of the Dungeon.
You were not hungry.

You visited 1 branch of the dungeon, and saw 3 of its levels.

You collected 148 gold pieces.

Inventory:

Missiles
 c - 21 stones (quivered)
 h - 57 arrows
 j - 38 bolts
 l - 29 poisoned needles
Armour
 a - a +0 robe
 e - a +1 robe (worn)
 g - a +0 robe
Jewellery
 b - an uncursed ring of magical power {unknown}
 m - an uncursed amulet of the gourmand {unknown}
Scrolls
 n - a scroll of enchant armour
Potions
 i - a potion of lignification
Comestibles
 d - 5 bread rations
 f - a meat ration
 k - 8 fruits


   Skills:
 + Level 3.5 Fighting
 + Level 2.9 Dodging
 + Level 3.0 Stealth
 + Level 4.4 Unarmed Combat


You had 3 spell levels left.
You didn't know any spells.

Dungeon Overview and Level Annotations

Branches:
Dungeon (3/15)

Altars:


Innate Abilities, Weirdness & Mutations

Your body is rotting away.
You thrive on raw meat.
You are immune to poison.
You have sharp fingernails.
You are carnivorous and can eat meat at any time.
Your flesh is cold resistant. (rC+)
You are immune to negative energy. (rN+++)
You do not regenerate when monsters are visible.
You are immune to unholy pain and torment.
You can survive without breathing.


Message History

You scratch the scorpion.
The scorpion is almost dead.
The scorpion closely misses you.
You closely miss the scorpion.
The scorpion is almost dead.
The scorpion closely misses you.
You barely miss the scorpion.
The scorpion is almost dead.
The scorpion stings you.
* * * LOW HITPOINT WARNING * * *
You barely miss the scorpion.
The scorpion is almost dead.
The scorpion stings you but does no damage.
You barely miss the scorpion.
The scorpion is almost dead.
The scorpion stings you but does no damage.
You scratch the scorpion but do no damage.
The scorpion is almost dead.
The scorpion stings you!
You die...

#. #. #.## ###..##
.....# #..##########
#.(........@#
#...#######s# #...#
#..?....... . #...##
#.!........
#.####....##
#..(....♣..
.........#.#
#......♣_♣
#.######..###....?...
..
#.................(...
.
#######...............


You could see a scorpion.

Vanquished Creatures
  An adder (D:3)
  A worm (D:2)
  2 dart slugs (D:1)
  3 leopard geckos
  2 bats
  A giant cockroach (D:1)
  6 hobgoblins
  6 jackals (D:1)
  A frilled lizard (D:1)
  3 goblins
  7 kobolds
  2 rats
35 creatures vanquished.

Notes
Turn   | Place    | Note
-------+----------+-------------------------------------------
     0 | D:1      | o0Belial0o the Ghoul Monk began the quest for the Orb.
     0 | D:1      | Reached XP level 1. HP: 19/19 MP: 0/0
   139 | D:1      | Reached XP level 2. HP: 26/26 MP: 1/1
   359 | D:1      | Reached skill level 4 in Unarmed Combat
   359 | D:1      | Reached XP level 3. HP: 25/31 MP: 2/2
  1552 | D:3      | Found a faded altar of an unknown god.
  1554 | D:3      | Noticed a scorpion
  1564 | D:3      | Reached XP level 4. HP: 19/38 MP: 3/3
  1574 | D:3      | Slain by a scorpion

Skill      XL: |  1  2  3 |
---------------+----------+-----
Unarmed Combat | 4 |  4.4
Stealth        | 3 |  3.0
Fighting       | |  3.5
Dodging        | |  2.9

Action                   |  1- 3 |  4- 6 || total
-------------------------+-------+-------++-------
Melee: Unarmed           |   118 |    10 ||   128
       Punch             |     3 |       ||     3
  Use: Potion            |     3 |       ||     3
       Scroll            |     6 |       ||     6
 Stab: Sleeping          |     4 |       ||     4
       Invisible         |     1 |       ||     1
  Eat: Chunk             |    31 |       ||    31
       Royal jelly       |     2 |       ||     2
       Meat ration       |     1 |       ||     1
Armor: Robe              |    15 |     2 ||    17
Dodge: Dodged            |    72 |     4 ||    76
